 Dungeon Crawl Stone Soup version 0.19.1-1-g22dce08 (webtiles) character file.

562 Alarkh the Cleaver (level 7, 0/52 HPs)
             Began as a Demonspawn Monk on Jan 11, 2017.
             Succumbed to an adder's poison
             ... on level 3 of the Dungeon.
             The game lasted 00:04:09 (3964 turns).

Alarkh the Cleaver (Demonspawn Monk)                Turns: 3964, Time: 00:04:10

Health: 0/52       AC:  5    Str: 11 (12) XL:     7   Next: 10%
Magic:  2/7        EV: 13    Int: 11 (13) God:
Gold:   135        SH:  0    Dex: 15      Spells: 0 memorised, 6 levels left

rFire  . . .     SeeInvis .     a - +2 war axe
rCold  . . .     Gourm    .     b - +0 robe
rNeg   . . .     Faith    .     (no shield)
rPois  .         Spirit   +     (helmet restricted)
rElec  .         Reflect  .     (no cloak)
rCorr  .         Harm     .     d - +0 pair of gloves
MR     .....                    (no boots)
Stlth  ++++......               (no amulet)
                                (no ring)
                                (no ring)

@: lethally poisoned (0 -> -4)
A: horns 1, icy blue scales 1, nightstalker 2, magic shield
a: no special abilities


You were on level 3 of the Dungeon.
You were not hungry.

You visited 1 branch of the dungeon, and saw 3 of its levels.

You collected 135 gold pieces.

Inventory:

Hand Weapons
 a - a +2 war axe (weapon)
 e - a +0 hand axe
Armour
 b - a +0 robe (worn)
 d - a +0 pair of gloves (worn)
Scrolls
 g - a scroll of random uselessness
 h - a scroll of teleportation
 i - a scroll of recharging {unknown}
 n - a scroll of remove curse {unknown}
 o - a scroll of identify {unknown}
Potions
 k - a potion of might
Comestibles
 c - 3 bread rations
 f - 4 fruits


   Skills:
 - Level 3.0 Fighting
 + Level 12.7 Axes
 - Level 2.6 Dodging
 - Level 1.7 Stealth


You had 6 spell levels left.
You didn't know any spells.

Dungeon Overview and Level Annotations

Branches:
Dungeon (3/15)

Altars:
Makhleb
Zin


Innate Abilities, Weirdness & Mutations

You have a pair of small horns on your head.
You are partially covered in icy blue scales. (AC +2)
You are significantly more attuned to the shadows.
When hurt, damage is shared between your health and your magic reserves.


Message History

Okay, then.
You slash the orc!
You kill the orc!
* * * LOW HITPOINT WARNING * * *
You feel sick.
There is a lethal amount of poison in your body!
* * * LOW HITPOINT WARNING * * *
You feel sick.
There is an open door here.
* * * LOW HITPOINT WARNING * * *
You feel sick.
* * * LOW HITPOINT WARNING * * *
You feel sick.
* * * LOW HITPOINT WARNING * * *
You feel sick.
* * * LOW HITPOINT WARNING * * *
You feel sick.
* * * LOW HITPOINT WARNING * * *
You feel sick.
You die...

.#..##
.'...#
.#...#
.###.# ..
###..# #.#
###.##
..### ##..#
#...#
##..###
#...#
.####.#
#.@.# ..#
#.# +...+
..###.#
#...#
......#
#...#
......#
#...#
..#.###
#...# ####
###.###
#...# #...#
#####
......#
#...##.....
#...###
..#.###
#...#......
#......


There were no monsters in sight!

Vanquished Creatures
  An ogre (D:3)
  An orc wizard (D:3)
  Natasha (D:2)
  3 adders
  2 oozes (D:2)
  4 worms
  3 dart slugs (D:2)
  A leopard gecko (D:1)
  12 orcs (D:3)
  2 ball pythons
  6 bats
  4 giant cockroaches
  7 goblins
  9 hobgoblins
  13 jackals
  9 kobolds
  5 frilled lizards
  5 rats
88 creatures vanquished.

Notes
Turn   | Place    | Note
-------+----------+-------------------------------------------
     0 | D:1      | Alarkh the Demonspawn Monk began the quest for the Orb.
     0 | D:1      | Reached XP level 1. HP: 18/18 MP: 1/1
    74 | D:1      | Reached skill level 3 in Axes
   325 | D:1      | Gained mutation: You are slightly more attuned to the shadows. [demonic ancestry]
   325 | D:1      | Reached XP level 2. HP: 19/24 MP: 2/2
   890 | D:1      | Reached XP level 3. HP: 27/29 MP: 3/3
  1165 | D:2      | Reached skill level 4 in Axes
  1695 | D:2      | Gained mutation: When hurt, damage is shared between your health and your magic reserves. [demonic ancestry]
  1695 | D:2      | Reached XP level 4. HP: 30/35 MP: 4/4
  2154 | D:2      | Noticed Natasha
  2553 | D:2      | Killed Natasha
  2553 | D:2      | Reached skill level 5 in Axes
  2901 | D:3      | Gained mutation: You are significantly more attuned to the shadows. [demonic ancestry]
  2901 | D:3      | Reached XP level 5. HP: 32/41 MP: 5/5
  3324 | D:3      | Found a glowing silver altar of Zin.
  3324 | D:3      | Found a burning altar of Makhleb.
  3325 | D:3      | Noticed a cacodemon
  3325 | D:3      | Noticed an angel
  3484 | D:3      | Found a burning altar of Makhleb.
  3485 | D:3      | Noticed a blizzard demon
  3487 | D:3      | Noticed a ynoxinul
  3487 | D:3      | Noticed a neqoxec
  3624 | D:3      | Noticed an ogre
  3881 | D:3      | Killed an ogre
  3881 | D:3      | Reached skill level 6 in Axes
  3881 | D:3      | Gained mutation: You are partially covered in icy blue scales. (AC +2) [demonic ancestry]
  3881 | D:3      | Reached XP level 6. HP: 27/47 MP: 2/6
  3946 | D:3      | Reached skill level 12 in Axes
  3946 | D:3      | Gained mutation: You have a pair of small horns on your head. [demonic ancestry]
  3946 | D:3      | Reached XP level 7. HP: 35/52 MP: 5/7
  3959 | D:3      | HP: 2/52 [poisoned by an adder]
  3964 | D:3      | Succumbed to an adder's poison

Skill      XL: |  1  2  3  4  5  6 |
---------------+-------------------+-----
Axes           | 3 4 5 6 12 | 12.7
Fighting       | |  3.0
Dodging        | |  2.6
Stealth        | |  1.7

Action                   |  1- 3 |  4- 6 |  7- 9 || total
-------------------------+-------+-------+-------++-------
Melee: Hand axe          |   151 |    66 |       ||   217
       War axe           |       |   107 |     7 ||   114
  Use: Potion            |       |     5 |       ||     5
       Scroll            |       |     4 |       ||     4
 Stab: Sleeping          |    10 |     9 |       ||    19
  Eat: Chunk             |     3 |     7 |       ||    10
Armor: Robe              |    20 |    39 |     2 ||    61
Dodge: Dodged            |    94 |   110 |     4 ||   208
